 Dungeon Crawl Stone Soup version 0.31.0-32-g396128a36d (webtiles) character file.

Game seed: 9070169061199110069

19 PaiMei the Grave Robber (level 2, -1/20 HPs)
             Began as a Demonspawn Necromancer on Apr 25, 2024.
             Slain by a hobgoblin (3 damage)
             ... on level 1 of the Dungeon.
             The game lasted 00:00:43 (496 turns).

PaiMei the Grave Robber (Demonspawn Necromancer)     Turns: 496, Time: 00:00:43

Health: -1/20      AC:  2    Str:  8    XL:     2   Next: 55%
Magic:  0/5        EV: 12    Int: 15    God:
Gold:   20         SH:  0    Dex: 13    Spells: 4/5 levels left

rFire   . . .        f - +0 dagger
rCold   . . .        (no shield)
rNeg    . . .        a - +0 robe
rPois   .            (no helmet)
rElec   .            (no cloak)
rCorr   .            (no gloves)
SInv    .            (no boots)
Will    .....        (no amulet)
Stlth   ++           (no ring)
HPRegen 0.23/turn    (no ring)
MPRegen 0.09/turn

%: no passive effects
@: no status effects
A: hooves 1
a: no special abilities


You were on level 1 of the Dungeon.
You visited 1 branch of the dungeon, and saw 1 of its levels.

You collected 20 gold pieces.

Inventory:

Hand Weapons
 f - a +0 dagger (weapon)
Armour
 a - a +0 robe (worn)
Scrolls
 d - a scroll of immolation {unknown}
 e - a scroll of identify {unknown}
Potions
 b - a potion of magic
 c - a potion of resistance {unknown}


   Skills:
 + Level 0.3 Fighting
 + Level 2.1 Dodging
 - Level 2.0 Stealth
 + Level 2.2 Spellcasting
 + Level 4.6 Necromancy


You had 4 spell levels left.
You knew the following spells:

 Your Spells              Type           Power      Damage    Failure   Level
a - Necrotise             Necr           60%        1d7       3%          1

Your spell library contained the following spells:

 Spells                   Type           Power      Damage    Failure   Level
 Vampiric Draining        Necr           15%        2d7       10%         3
 Animate Dead             Necr           15%        N/A       32%         4
 Curse of Agony           Necr           15%        N/A       65%         5


Dungeon Overview and Level Annotations

Branches:
Dungeon (1/15)

Altars:

Shops:
D:1 :


Innate Abilities, Weirdness & Mutations

You have large cloven feet.


Message History

Casting: Necrotise (safe; 3% risk of failure)
Confirm with . or Enter, or press ? or * to list all spells.
You don't have enough magic to cast this spell.
Something bites your jackal skeleton.
Your jackal skeleton is destroyed!
Your jackal skeleton barely misses the hobgoblin.
The hobgoblin hits your jackal skeleton.
Your jackal skeleton is destroyed!
The hobgoblin attacks as it pursues you!
The hobgoblin misses you.
Casting: Necrotise (safe; 3% risk of failure)
Confirm with . or Enter, or press ? or * to list all spells.
Aiming: Necrotise (safe; 3% risk of failure)
Press: ? - help, Shift-Dir - straight line, f - hobgoblin
Aim: a hobgoblin (chance to affect: 85%)
The hobgoblin writhes in agony.
The hobgoblin hits you but does no damage.
The hobgoblin attacks as it pursues you!
The hobgoblin barely misses you.
Casting: Necrotise (safe; 3% risk of failure)
Confirm with . or Enter, or press ? or * to list all spells.
You don't have enough magic to cast this spell.
The hobgoblin attacks as it pursues you!
The hobgoblin closely misses you. The jackal attacks as it pursues you!
The jackal bites you.
* * * LOW HITPOINT WARNING * * *
Casting: Necrotise (safe; 3% risk of failure)
Confirm with . or Enter, or press ? or * to list all spells.
Aiming: Necrotise (safe; 3% risk of failure)
Press: ? - help, Shift-Dir - straight line, f/p - hobgoblin
Aim: a hobgoblin (heavily wounded, chance to affect: 85%)
The jackal writhes in agony.
You kill the jackal!
The dead are walking!
The hobgoblin hits you.
* * * LOW HITPOINT WARNING * * *
Your jackal skeleton misses the hobgoblin.
The hobgoblin attacks as it pursues you!
The hobgoblin hits you.
You die...

########..#...........#....
#.....................#....
#.........................#
##........................#
#........................#
#........................#
#..........#...........###
##......................#
#.........@##############
#..........g.Z#####
#.............g...###
#......##.##........##
#......##..####......#
##.....###.# ####...##
#.###.# #.# ##...# #.# ♣.♣
#.# #...## #[#♣♣.♣♣#.#
##...####


You could see 2 hobgoblins and a friendly jackal skeleton.

Vanquished Creatures
  A ball python (D:1)
  4 bats (D:1)
  An endoplasm (D:1)
  2 goblins (D:1)
  A hobgoblin (D:1)
  3 jackals (D:1)
  A frilled lizard (D:1)
  A rat (D:1)
14 creatures vanquished.

Vanquished Creatures (collateral kills)
  A dart slug (D:1)
1 creature vanquished.

Grand Total: 15 creatures vanquished

Notes
Turn   | Place    | Note
-------+----------+-------------------------------------------
     0 | D:1      | PaiMei the Demonspawn Necromancer began the quest for the
                  | Orb.
     0 | D:1      | Reached XP level 1. HP: 13/13 MP: 3/3
   133 | D:1      | Gained mutation: You have large cloven feet. [demonic
                  | ancestry]
   133 | D:1      | Reached XP level 2. HP: 19/19 MP: 0/5
   457 | D:1      | Found Pusap's Book Shop.
   494 | D:1      | HP: 1/20 [hobgoblin (3)]
   496 | D:1      | Slain by a hobgoblin

Illustrated notes

Levels and vault maps discovered:
D:1:      lightli_arrival_farm, layout_basic, serial_curves, eino_curves_04,
          eino_curves_04, eino_curves_01, eino_curves_02, serial_shops, shop,
          shop, minmay_tree_intersection

Skill      XL: |  1 |
---------------+----+-----
Stealth        | 2 |  2.0
Dodging        | 2 |  2.1
Fighting       | |  0.3
Spellcasting   | |  2.2
Necromancy     | |  4.6

Action                     || total
---------------------------++-------
  Melee: Dagger            ||     5
   Cast: Necrotise         ||    26
 Armour: Robe              ||    30
  Dodge: Dodged            ||    37
